 Dungeon Crawl Stone Soup version 0.19-a0-816-geccf914 (webtiles) character file.

7606 Musica the Destroyer (level 11, -9/61 HPs)
             Began as an Octopode Conjurer on June 29, 2016.
             Was a Believer of Vehumet.
             Mangled by Snorg (12 damage)
             ... on level 10 of the Dungeon.
             The game lasted 00:57:15 (11178 turns).

Musica the Destroyer (Octopode Conjurer)           Turns: 11178, Time: 00:57:16

Health: -9/61      AC:  2    Str: 11    XL:     11   Next: 17%
Magic:  0/42       EV: 12    Int: 21    God:    Vehumet [**....]
Gold:   248        SH:  0    Dex: 13    Spells: 5 memorised, 13 levels left

rFire  . . .     SeeInvis .     B - +1 blowgun
rCold  . . .     Gourm    .     (no shield)
rNeg   . . .     Faith    .     t - +1 hat {Spirit}
rPois  .         Spirit   +     C - amulet of magic regeneration
rElec  .         Dismiss  .     k - ring of magical power
rCorr  .         Reflect  .     z - +4 ring of strength
SustAt .         Harm     .     p - ring of magical power
MR     .....     Clarity  +     (no ring)
Stlth  +++.......               (no ring)
                                (no ring)
                                (no ring)
                                (no ring)

@: not resistant to hostile enchantments, fairly stealthy
A: almost no armour, amphibious, 8 rings, constrict 8, camouflage 1, clarity,
mutation resistance 1, gelatinous body 1
a: Renounce Religion


You were on level 10 of the Dungeon.
You worshipped Vehumet.
Vehumet was pleased with you.
You were hungry.

You visited 2 branches of the dungeon, and saw 11 of its levels.
You also visited: Ossuary.

You collected 542 gold pieces.
You spent 294 gold pieces at shops.

Inventory:

Hand Weapons
 o - a +1 dagger of venom
 v - a +2 quarterstaff of chaos
 B - a +1 blowgun (weapon)
Missiles
 e - 45 sling bullets
 l - 11 tomahawks
 A - 57 poisoned needles (quivered)
 G - 2 throwing nets
 I - 5 silver javelins
Armour
 n - a +0 buckler
 t - a +1 hat of spirit shield (worn)
Magical Staves
 s - an uncursed staff of summoning
Jewellery
 c - an uncursed ring of fire
 k - a ring of magical power (left tentacle)
 p - a ring of magical power (on tentacle)
 y - an uncursed amulet of harm
 z - a +4 ring of strength (right tentacle)
 C - an amulet of magic regeneration (around mantle)
 J - an uncursed amulet of the gourmand
Wands
 i - a wand of polymorph (7/24)
 r - a wand of slowing (31/48)
 x - a wand of flame (41/48)
 H - a wand of enslavement (14/24)
 N - a wand of disintegration (7/24)
Scrolls
 f - 4 scrolls of immolation
 h - 11 scrolls of identify
 j - 2 scrolls of blinking
 w - 12 scrolls of remove curse
 E - a scroll of enchant weapon
 F - a scroll of magic mapping
 L - 2 scrolls of amnesia {unknown}
 Q - a scroll of enchant armour
 R - a scroll of noise {unknown}
Potions
 d - 7 potions of curing
 m - 4 potions of lignification
 q - a potion of cure mutation
 u - 2 potions of cancellation
 D - 2 potions of flight
 K - a potion of heal wounds
 M - a potion of agility
Books
 a - a book of Conjurations

   Spells                             Type                      Level
   a - Magic Dart                     Conjuration                  1
   b - Searing Ray                    Conjuration                  2
   c - Dazzling Spray                 Conjuration/Hexes            3
   d - Fulminant Prism                Conjuration/Hexes            4
   e - Iskenderun's Mystic Blast      Conjuration                  4
   f - Iskenderun's Battlesphere      Conjuration/Charms           5
Comestibles
 b - 2 bread rations
 g - 5 meat rations
 O - a beef jerky


   Skills:
 + Level 3.0 Staves
 + Level 2.2 Throwing
 - Level 2.0 Dodging
 - Level 2.6 Stealth
 + Level 9.7 Spellcasting
 + Level 10.4 Conjurations
 + Level 6.4 Hexes
 + Level 5.3 Charms


You had 13 spell levels left.
You knew the following spells:

 Your Spells              Type           Power        Failure   Level  Hunger
a - Magic Dart            Conj           ####         1%          1    None
b - Dazzling Spray        Conj/Hex       #####.       1%          3    None
c - Iskenderun's Mystic   Conj           ######..     1%          4    ##.....
d - Iskenderun's Battles  Conj/Chrm      #####...     10%         5    ####...
e - Mephitic Cloud        Conj/Pois/Air  ###.....     6%          3    None


Dungeon Overview and Level Annotations

Branches:
Dungeon (10/15)            Temple (1/1) D:7
   Lair: D:8-11         Orc: D:9-12

Altars:
Ashenzari
Cheibriados
Dithmenos
Elyvilon
Fedhas
Gozag
Hepliaklqana
Kikubaaqudgha
Makhleb
Nemelex Xobeh
Okawaru
Pakellas
Qazlal
Ru
Sif Muna
Trog
Uskayaw
Vehumet
Xom
Yredelemnul
Zin
The Shining One

Shops:
D:7 *

Annotations:
D:10 Snorg


Innate Abilities, Weirdness & Mutations

You cannot wear most types of armour.
You are amphibious.
You can wear up to eight rings at the same time.
You can use your tentacles to constrict eight enemies at once.
Your skin changes colour to match your surroundings (Stealth+).
Your rubbery body absorbs attacks. (AC +1)
You possess an exceptional clarity of mind.
You are somewhat resistant to further mutation.


Message History

Confirm with . or Enter, or press ? or * to list all spells.
Aiming: Iskenderun's Mystic Blast
Press: ? - help, Shift-Dir - straight line, f/p - Snorg
Aim: Snorg (heavily wounded, berserk, fast, unusually strong, blind)
The orb of energy hits Snorg.
Snorg is heavily wounded.
The orb of energy explodes!
Your battlesphere fires!
The barrage of energy hits Snorg.
Snorg is heavily wounded.
Snorg barely misses you. Snorg claws you.
* * * LOW HITPOINT WARNING * * *
Snorg closely misses you.
A quasit comes into view.
Snorg barely misses you. Snorg closely misses you. Snorg misses you.
Snorg bites you but does no damage. Snorg closely misses you. x2
Snorg bites you!!
* * * LOW HITPOINT WARNING * * *
Snorg closely misses you. Snorg claws you!
You die...

#.....#.......#..#..........
#.....#.......#..#..........
#.....#.......#÷.#..........
#.....#.......#..#..........
#####.....#########..##########.
#.................÷...........#.
#.....#########..*............#.
#.....#.......#...............##
#.....#.......'@................
#.....#.......#T...######......†
#.....#.......#....#....###.....
#.....#.......#5...#......####'#
#.....#.......#....#...........#
#.....#.......'....#...........#
#.....#.......#....#...........#
#.....#.......#....#...........#
##....#####...#....#...<.......#


You could see Snorg (berserk), a quasit and a friendly battlesphere.

Vanquished Creatures
  A hydra (D:10)
  Erica (D:8)
  The ghost of Somebody the Blocker, a novice NaWz of Sif Muna (D:8)
  The ghost of zervinho the Thaumaturge, a novice VSIE of Sif Muna (D:10)
  Pikel (D:7)
  The ghost of Ordine the Thaumaturge, a novice DEWz (D:6)
  A troll (D:9)
  The ghost of Dorikus the Skirmisher, an amateur DsCK of Xom (D:4)
  A hippogriff (D:6)
  2 water moccasins
  A sky beast (D:10)
  4 slaves
  An ice beast (D:9)
  An orc warrior (D:8)
  A black bear (D:9)
  A necrophage (D:8)
  A centaur (D:9)
  7 ogres
  2 big kobolds
  5 giant frogs
  4 scorpions
  8 wights
  2 howler monkeys
  2 crimson imps (D:7)
  3 centaur zombies
  2 hounds
  A jelly (D:5)
  4 orc priests
  Crazy Yiuf (D:3)
  3 giant frog skeletons
  A gnoll shaman (D:5)
  Jessica (D:3)
  4 iguanas
  14 orc wizards
  5 worker ants
  4 mummies
  A hound skeleton (D:10)
  A killer bee simulacrum (D:6)
  2 howler monkey zombies
  A worker ant zombie (D:8)
  5 gnolls (D:5)
  10 adders
  A shadow imp (D:7)
  4 oozes
  3 adder skeletons
  A worm (D:2)
  3 dart slugs
  5 giant geckos
  44 orcs
  4 giant cockroaches
  3 gnoll zombies (Ossuary)
  9 hobgoblins
  18 jackals
  4 quokkas
  7 bats
  4 giant newts
  2 gnoll skeletons (Ossuary)
  9 goblins
  4 goblin skeletons (Ossuary)
  3 goblin zombies (Ossuary)
  3 hobgoblin skeletons (Ossuary)
  8 hobgoblin zombies
  2 jackal zombies
  18 kobolds
  3 kobold skeletons (Ossuary)
  4 kobold zombies
  4 orc skeletons (Ossuary)
  3 orc zombies
  A quokka skeleton (D:5)
  12 rats
  3 rat skeletons (Ossuary)
  2 rat zombies (Ossuary)
305 creatures vanquished.

Vanquished Creatures (others)
  Menkaure (Ossuary)
  An orc wizard (D:4)
  2 gnoll zombies (Ossuary)
  2 goblin skeletons (Ossuary)
  2 goblin zombies (Ossuary)
  2 kobold skeletons (Ossuary)
  A kobold zombie (Ossuary)
  2 orc skeletons (Ossuary)
  A rat zombie (Ossuary)
  A plant (D:10)
15 creatures vanquished.

Grand Total: 320 creatures vanquished

Notes
Turn   | Place    | Note
--------------------------------------------------------------
     0 | D:1      | Musica the Octopode Conjurer began the quest for the Orb.
     0 | D:1      | Reached XP level 1. HP: 11/11 MP: 3/3
    90 | D:1      | Reached XP level 2. HP: 17/17 MP: 0/5
   861 | D:1      | Reached XP level 3. HP: 21/21 MP: 6/6
   866 | D:1      | Learned a level 3 spell: Dazzling Spray
  1256 | D:2      | Reached skill level 5 in Conjurations
  1256 | D:2      | Reached XP level 4. HP: 23/27 MP: 1/8
  1521 | D:2      | Reached skill level 1 in Hexes
  1870 | D:3      | Reached XP level 5. HP: 27/31 MP: 9/9
  1918 | D:3      | Learned a level 4 spell: Iskenderun's Mystic Blast
  1934 | D:3      | Noticed Jessica
  1937 | D:3      | Killed Jessica
  2192 | D:3      | Reached XP level 6. HP: 30/36 MP: 10/11
  2294 | D:3      | Found a runed door.
  2694 | D:3      | Noticed Crazy Yiuf
  2705 | D:3      | Killed Crazy Yiuf
  2962 | D:4      | Gained mutation: You are agile. (Dex +2) [potion of mutation]
  2962 | D:4      | Gained mutation: One of your tentacles bears a spike. [potion of mutation]
  2962 | D:4      | Gained mutation: You are dopey. (Int -2) [potion of mutation]
  3010 | D:5      | Entered Level 5 of the Dungeon
  3020 | D:5      | Gained mutation: You expend magic power (3 MP) to strengthen your wands. [potion of mutation]
  3020 | D:5      | Gained mutation: You can translocate small distances at will. [potion of mutation]
  3020 | D:5      | Gained mutation: You are robust. (+10% HP) [potion of mutation]
  3615 | D:4      | Reached XP level 7. HP: 35/45 MP: 10/13
  3683 | D:4      | Noticed Dorikus's ghost (amateur DsCK)
  3700 | D:4      | Killed Dorikus's ghost
  3700 | D:4      | Reached skill level 1 in Staves
  3700 | D:4      | Reached skill level 6 in Conjurations
  3874 | D:4      | Lost mutation: One of your tentacles bears a spike. [potion of cure mutation]
  3874 | D:4      | Lost mutation: You expend magic power (3 MP) to strengthen your wands. [potion of cure mutation]
  3874 | D:4      | Lost mutation: You are dopey. (Int -2) [potion of cure mutation]
  3874 | D:4      | Lost mutation: You are robust. (+10% HP) [potion of cure mutation]
  3874 | D:4      | Lost mutation: You can translocate small distances at will. [potion of cure mutation]
  3874 | D:4      | Lost mutation: You are agile. (Dex +2) [potion of cure mutation]
  3875 | D:4      | Gained mutation: You possess an exceptional clarity of mind. [potion of beneficial mutation]
  4525 | D:6      | Found a sand-covered staircase.
  4534 | Ossuary  | Entered an ossuary
  4569 | Ossuary  | Reached skill level 5 in Spellcasting
  4670 | Ossuary  | Killed Menkaure
  5189 | D:5      | Reached XP level 8. HP: 46/46 MP: 16/16
  5643 | D:6      | Noticed Ordine's ghost (novice DEWz)
  5682 | D:6      | Killed Ordine's ghost
  5682 | D:6      | Reached skill level 7 in Conjurations
  6075 | D:6      | Learned a level 5 spell: Iskenderun's Battlesphere
  6172 | D:6      | Reached skill level 1 in Charms
  6853 | D:6      | Reached XP level 9. HP: 51/51 MP: 19/19
  7130 | D:7      | Found a staircase to the Ecumenical Temple.
  7140 | Temple   | Entered the Ecumenical Temple
  7166 | Temple   | Became a worshipper of Vehumet
  7302 | D:7      | Noticed Pikel
  7328 | D:8      | Reached skill level 8 in Conjurations
  7349 | D:8      | Noticed Somebody's ghost (novice NaWz)
  7362 | D:8      | Killed Somebody's ghost
  7899 | D:7      | Reached skill level 5 in Hexes
  7934 | D:7      | Killed Pikel
  8004 | D:7      | Reached XP level 10. HP: 55/56 MP: 22/22
  8101 | D:7      | Reached * piety under Vehumet
  8101 | D:7      | Offered knowledge of Sandblast by Vehumet.
  8188 | D:7      | Found Feazouh's Assorted Antiques.
  8194 | D:7      | Bought a crystal hand axe for 184 gold pieces
  8194 | D:7      | Bought a golden potion for 20 gold pieces
  8194 | D:7      | Identified the cursed +2 hand axe of the Scavenger {drain, Dex+2} (You bought it in a shop on level 7 of the Dungeon)
  8550 | D:8      | Found Zin's Purification Station.
  8552 | D:8      | Found a glowing silver altar of Zin.
  8558 | D:8      | Bought a potion of curing for 90 gold pieces
  8589 | D:8      | Noticed Erica
  8599 | D:8      | HP: 1/56 [Erica/orb of energy (17)]
  8605 | D:8      | Killed Erica
  8605 | D:8      | Reached skill level 1 in Throwing
  8605 | D:8      | Reached skill level 9 in Conjurations
  9512 | D:8      | Offered knowledge of Shock by Vehumet.
  9593 | D:8      | Reached ** piety under Vehumet
 10028 | D:10     | Entered Level 10 of the Dungeon
 10369 | D:9      | Offered knowledge of Mephitic Cloud by Vehumet.
 10369 | D:9      | Reached skill level 5 in Charms
 10374 | D:9      | Learned a level 3 spell: Mephitic Cloud
 10860 | D:10     | Reached skill level 10 in Conjurations
 10928 | D:10     | Noticed a six-headed hydra
 10933 | D:10     | Killed a six-headed hydra
 10933 | D:10     | Reached XP level 11. HP: 61/61 MP: 24/24
 11070 | D:10     | Noticed zervinho's ghost (novice VSIE)
 11098 | D:10     | Gained mutation: You are somewhat resistant to further mutation. [potion of beneficial mutation]
 11105 | D:10     | Killed zervinho's ghost
 11164 | D:10     | Noticed Snorg
 11178 | D:10     | HP: 3/61 [Snorg (16)]
 11178 | D:10     | Mangled by Snorg

Vault maps used:
D:1:      dpeg_arrival_houses_and_road
D:3:      grunt_ministairs_1, hangedman_abyss_or_decor_lesser_grid,
          minmay_unequal, uniq_crazy_yiuf_cottage, uniq_jessica
D:4:      glass_columns_a, minmay_mini_ossuary
D:5:      first_bread
D:6:      nicolae_ossuary_entry_monument, minmay_small_thing
D:7:      serial_shops, shop, uniq_pikel
D:8:      zin_purify, uniq_erica
D:10:     hangedman_ranch, uniq_snorg
Temple:   nicolae_temple_the_god_donut
Ossuary:  ossuary_due_pyramid

Skill      XL: |  1  2  3  4  5  6  7  8  9 10 |
---------------+-------------------------------+-----
Conjurations   | 5 6 7 8 10 | 10.4
Hexes          | 1 2 3 4 5 6 |  6.4
Spellcasting   | 3 4 5 6 8 9 |  9.7
Staves         | 1 2 3 |  3.0
Charms         | 1 3 5 |  5.3
Throwing       | 2 |  2.2
Dodging        | |  2.0
Stealth        | |  2.6

Action                   |  1- 3 |  4- 6 |  7- 9 | 10-12 || total
-------------------------+-------+-------+-------+-------++-------
Melee: Unarmed           |     4 |       |       |       ||     4
       Short sword       |     3 |       |       |       ||     3
       Constrict         |     3 |    11 |    13 |     5 ||    32
       Dagger            |     7 |    33 |       |       ||    40
       Tentacles         |     1 |    10 |    21 |     6 ||    38
       Quarterstaff      |       |    12 |    99 |    15 ||   126
       Kick              |       |     7 |     3 |       ||    10
 Fire: Hunting sling     |     1 |       |       |       ||     1
       Blowgun           |       |     4 |       |    20 ||    24
Throw: Tomahawk          |       |       |     3 |       ||     3
       Javelin           |       |       |     6 |       ||     6
 Cast: Magic Dart        |    57 |    86 |   148 |   135 ||   426
       Dazzling Spray    |     7 |    50 |    92 |    58 ||   207
       Iskenderun's Myst |       |       |    20 |    13 ||    33
       Iskenderun's Batt |       |       |       |    24 ||    24
       Mephitic Cloud    |       |       |       |     1 ||     1
Evoke: Wand              |       |     2 |     2 |     2 ||     6
  Use: Scroll            |     4 |     7 |     5 |     1 ||    17
       Potion            |       |     8 |     8 |     6 ||    22
 Stab: Invisible         |     1 |       |     7 |       ||     8
       Sleeping          |       |     5 |     2 |       ||     7
       Paralysed         |       |     1 |       |       ||     1
       Confused          |       |       |     1 |       ||     1
       Petrifying        |       |       |       |     1 ||     1
  Eat: Chunk             |     2 |    12 |     7 |     9 ||    30
       Fruit             |       |       |     6 |       ||     6
       Meat ration       |       |       |     1 |       ||     1
       Pizza             |       |       |     1 |       ||     1
       Bread ration      |       |       |     1 |     1 ||     2
Armor: Skin              |     1 |     3 |    16 |     3 ||    23
Dodge: Dodged            |     8 |    38 |    90 |    33 ||   169
